Map: Cyber Forest LE

Players

Parkkatz - Winner!

  • Race: Zerg Zerg
  • League: Platinum
  • Spawn Location: 11:00

anaujiraM

  • Race: Protoss Protoss
  • League: Platinum
  • Spawn Location: 5:00

VOD

Have the link to the VOD?

Description

Time

  • Played on: June 30, 2019, 9:22 a.m.
  • Length: 16:47
Show
View Real Time Build Order
Export as new Build Order

Parkkatz Zerg - Winner!

Build Orders: Hatch First 

Get SALT Encoding   

  12  0:01  Drone  
  13  0:12  Overlord  
  13  0:20  Drone  
  14  0:30  Drone  
  14  0:31  Drone  
  14  0:35  Drone  
  17  0:55  Hatchery  
  16  0:57  Drone  
  17  1:12  Spawning Pool  
  17  1:14  Drone  
  17  1:17  Drone  
  18  1:21  Drone  
  19  1:28  Extractor  
  19  1:29  Drone  
  19  1:39  Overlord  
  19  2:01  Queen  
  19  2:03  Zergling x4  
  19  2:07  Queen  
  25  2:11  Zergling x2  
  25  2:12  Zergling x2  
  27  2:37  Hatchery  
  26  2:41  Roach Warren  
  23  3:21  Roach  
  23  3:22  Roach x2  
  23  3:25  Overlord  
  27  3:36  Roach  
  29  3:45  Ravager x2  
  31  3:50  Drone x5  
  31  3:51  Drone  
  37  4:01  Overlord  
  37  4:04  Roach x2  
  41  4:12  Drone, Evolution Chamber  
  41  4:21  Ravager  
  42  4:25  Drone  
  42  4:26  Drone x2  
  42  4:27  Overlord  
  45  4:33  Extractor  
  45  4:35  Extractor  
  45  4:36  Drone x3  
  45  4:37  Drone  
  47  4:42  Drone x2  
  49  4:48  Drone  
  50  4:53  Lair  
  50  4:59  Drone  
  51  5:00  Drone x2  
  53  5:15  Spore Crawler  
  53  5:16  Queen  
  53  5:17  Spore Crawler  
  53  5:44  Hatchery  
  53  5:47  Overlord x3  
  52  5:57  Overlord x2  
  52  6:04  Overlord  
  52  6:05  Queen  
  52  6:06  Drone  
  52  6:07  Drone  
  52  6:08  Glial Reconstitution  
  58  6:18  Drone  
  58  6:19  Drone x3  
  58  6:25  Hydralisk Den  
  61  6:28  Drone x3  
  61  6:31  Spore Crawler  
  61  6:32  Spore Crawler  
  60  6:35  Drone x3  
  60  6:36  Drone  
  60  6:38  Drone  
  65  6:40  Drone  
  66  6:49  Queen  
  66  6:50  Queen  
  70  6:55  Evolution Chamber  
  70  6:58  Zerg Missile Weapons Level 1  
  69  7:02  Muscular Augments  
  69  7:03  Drone  
  69  7:04  Drone  
  71  7:14  Hydralisk  
  71  7:15  Hydralisk x2  
  76  7:25  Hydralisk x2  
  80  7:44  Zergling x2  
  80  7:45  Zergling x24  
  80  7:50  Zerg Ground Armor Level 1  
  93  7:57  Queen  
  93  7:58  Drone x3  
  92  8:27  Metabolic Boost  
  92  8:29  Grooved Spines  
  92  8:31  Drone  
  92  8:32  Drone x5  
  98  8:51  Overlord x4  
  98  8:53  Overseer  
  98  8:57  Overlord x3  
  98  9:00  Zerg Missile Weapons Level 2  
  98  9:09  Baneling Nest  
  97  9:12  Drone x4  
  101  9:24  Hatchery  
  100  9:30  Hydralisk x8  
  115  9:54  Hydralisk x3  
  121  10:06  Extractor  
  120  10:09  Drone, Extractor  
  120  10:10  Drone x3, Overlord x2  
  120  10:11  Overlord, Extractor  
  120  10:13  Overlord  
  122  10:19  Hydralisk x3  
  126  10:46  Drone  
  126  10:47  Drone x5  
  126  10:48  Drone  
  133  10:51  Hydralisk x2  
  133  10:52  Hydralisk x3  
  143  11:12  Baneling x4  
  143  11:13  Baneling x2  
  143  11:19  Zergling x20  
  143  11:20  Zergling x16  
  160  11:34  Zerg Melee Weapons Level 1  
  153  11:44  Infestation Pit  
  152  11:51  Drone x3  
  152  11:52  Drone x3  
  158  12:02  Overlord, Zergling x4  
  158  12:03  Overlord  
  153  12:25  Infestor, Hive  
  153  12:26  Infestor  
  153  12:29  Baneling x5  
  156  12:30  Baneling  
  156  12:32  Hydralisk  
  156  12:35  Hydralisk  
  160  12:54  Overlord  
  160  12:57  Zerg Ground Armor Level 2  
  160  13:17  Queen  
  105  13:32  Roach  
  105  13:33  Roach  
  91  13:34  Roach x8, Infestor  
  91  13:35  Hydralisk  
  91  13:36  Hydralisk x4  
  91  13:39  Zergling x14  
  91  13:40  Zergling x12  
  128  13:55  Hydralisk  
  128  13:56  Hydralisk x5  
  128  13:57  Hydralisk  
  128  14:01  Baneling x2  
  142  14:03  Baneling  
  142  14:18  Spire  
  142  14:20  Hatchery  
  142  14:21  Hydralisk  
  142  14:22  Hydralisk  
  144  14:24  Zergling x2  
  144  14:25  Zergling x32  
  157  14:40  Roach x4  
  157  14:41  Roach  
  167  14:48  Infestor x2  
  167  14:52  Hydralisk  
  173  14:53  Hydralisk  
  173  14:55  Zergling x18  
  184  15:03  Drone x2  
  186  15:25  Baneling x3  
  186  15:26  Baneling x4  
  186  15:35  Zergling x6  
  173  15:57  Ultralisk Cavern  
  173  16:03  Hydralisk  
  174  16:04  Hydralisk x4  
  158  16:42  Extractor  
  155  16:44  Extractor  
Show
View Real Time Build Order
Export as new Build Order

anaujiraM Protoss 

Build Orders:  

Get SALT Encoding   

  1  0:00  Probe  
  12  0:05  Probe  
  14  0:15  Probe  
  15  0:25  Pylon  
  15  0:43  Probe  
  15  0:46  Gateway  
  16  0:50  Forge  
  16  0:55  Probe  
  17  1:14  Probe  
  18  1:19  Assimilator  
  18  1:29  Pylon  
  18  1:33  Probe  
  18  1:36  Cybernetics Core  
  19  1:41  Probe  
  19  1:45  Zealot  
  22  1:50  Probe  
  22  1:54  Photon Cannon  
  23  1:58  Photon Cannon  
  23  2:06  Pylon  
  23  2:12  Probe  
  24  2:15  Assimilator  
  24  2:20  Pylon  
  24  2:32  Photon Cannon  
  24  2:39  Photon Cannon  
  24  2:44  Probe  
  25  3:03  Stargate  
  25  3:32  Probe  
  26  3:36  Stalker  
  28  3:47  Twilight Council  
  28  3:50  Void Ray  
  28  3:56  Gateway  
  32  4:18  Warp Gate  
  32  4:35  Void Ray  
  36  4:58  Stalker x2  
  40  5:16  Nexus  
  40  5:19  Pylon  
  40  5:36  Void Ray  
  44  5:43  Robotics Facility  
  44  5:45  Pylon  
  43  6:09  Stalker  
  43  6:10  Stalker  
  47  6:17  Gateway, Photon Cannon  
  47  6:23  Pylon  
  47  6:31  Probe  
  47  6:32  Shield Battery  
  47  6:33  Photon Cannon  
  47  6:38  Probe  
  47  6:39  Probe  
  48  6:46  Probe  
  50  6:49  Probe  
  52  6:55  Probe  
  53  7:31  Observer  
  53  7:32  Void Ray  
  58  7:37  Robotics Bay  
  58  7:42  Stalker  
  58  7:43  Stalker  
  58  7:44  Sentry, Probe  
  64  7:47  Probe  
  66  7:52  Probe  
  66  7:54  Assimilator  
  66  7:57  Assimilator  
  67  7:59  Probe  
  67  8:01  Probe  
  69  8:11  Probe  
  68  8:23  Probe  
  69  8:35  Shield Battery, Photon Cannon  
  69  8:39  Photon Cannon  
  69  8:52  Pylon  
  69  8:55  Pylon  
  69  8:57  Probe  
  69  8:58  Pylon  
  70  9:10  Probe x2  
  72  9:18  Extended Thermal Lance  
  72  9:21  Colossus  
  72  9:22  Probe x2  
  80  9:34  Probe  
  81  9:38  Stalker  
  81  9:40  Sentry  
  81  9:41  Sentry  
  87  10:08  Colossus  
  87  10:12  Pylon  
  87  10:15  Pylon  
  87  10:20  Pylon  
  93  10:26  Pylon  
  89  10:30  Stalker  
  89  10:31  Stalker x2  
  95  10:42  Protoss Ground Weapons Level 1  
  95  10:55  Forge  
  95  10:56  Forge  
  95  11:12  Templar Archives  
  95  11:16  Pylon  
  95  11:19  Stalker x2  
  95  11:20  Stalker  
  101  11:40  Void Ray  
  101  11:46  Colossus  
  105  11:49  Stalker x3  
  105  11:50  Psionic Storm  
  117  11:58  Protoss Ground Armor Level 1, Protoss Shields Level 1  
  112  12:31  High Templar x2  
  112  12:32  High Templar  
  118  13:05  Protoss Ground Weapons Level 2  
  118  13:25  Stalker x3  
  77  13:38  Nexus  
  77  13:40  Pylon  
  77  13:42  Void Ray  
  77  13:43  Pylon  
  77  13:44  Colossus  
  87  13:55  Stalker x2, Pylon  
  89  13:56  Stalker  
  93  14:05  Gateway  
  93  14:08  Gateway  
  93  14:09  Photon Cannon  
  93  14:14  Photon Cannon  
  93  14:22  Stalker x3  
  99  14:25  Void Ray  
  102  14:42  Observer  
  103  15:00  Observer  
  104  15:18  Stalker  
  104  15:19  Stalker x4  
  104  15:20  Pylon  
  102  15:54  High Templar x2  
  102  15:55  High Templar  
  102  15:57  Stalker x2  
  110  16:00  Assimilator  
  110  16:04  Assimilator  
  85  16:29  Stalker x3  
  85  16:30  Stalker  
  85  16:31  Stalker  
Tags
 
Add a new tag
Caveats
  • Supply blocks, unpowered buildings, or Contaminate may cause inaccurate times.
  • Supply counts are checked every 10 seconds.